AoeStats
← El Fantasma de Pancho Villa

African Clearing

506799882Analyzed
4v4 RM · 18d ago on Sep 15, 2026· 31m 23s· 8 players
Game mode
Random Map
Map size
Large (8 player)
Population
200
Speed
Normal
Resources
Standard
Victory
Conquest
Starting age
Dark Age
Ending age
Imperial Age
RankedLock teamsTeams togetherTeam positionsShared explorationLock speedFull tech treeHidden civsTurbo modeCheats
Victory
Defeat
🇲🇽 Italians · Mexico
1253
+10
1146
+14
🇺🇸 Maya · United States
1111
+15
🇺🇸 Celts · United States
1110
+15
🇨🇳 Spanish · China
1125
-15
🇦🇹 Wu · Austria
1116
-14
🇮🇳 Celts · India
1087
-13
🇹🇼 Slavs · Taiwan
1074
-12
RexConquistadorLex
5:46 Loom
16:02 Feudal Age
16:47 Town Watch
16:51 Double-Bit Axe
16:35 Man-at-Arms
17:02 Arson
17:36 Horse Collar
18:27 Scale Mail Armor
20:18 Forging
24:00 Fletching
26:38 Castle Age
27:34 Gold Mining
27:58 Stone Mining
28:36 Heavy Plow
28:48 Bow Saw
28:34 Gambesons
30:33 Wheelbarrow
30:54 Long Swordsman
El Fantasma de Pancho Villa
4:14 Loom
13:44 Feudal Age
17:20 Castle Age
15:40 Stone Mining
16:12 Padded Archer Armor
16:06 Fletching
16:56 Wheelbarrow
17:34 Gold Mining
23:06 Ballistics
24:00 Leather Archer Armor
26:14 Bodkin Arrow
30:23 Hand Cart
31:23 Thumb Ring
[ GMEX ] Uhtred the Uhtred
6:11 Loom
12:43 Feudal Age
17:36 Castle Age
19:14 Double-Bit Axe
19:22 Fletching
28:02 Bow Saw
30:31 Wheelbarrow
31:45 Bodkin Arrow
[GMEX] | The_Spartako
13:16 Feudal Age
11:51 Loom
18:38 Castle Age
17:34 Double-Bit Axe
18:16 Fletching
19:49 Bow Saw
27:39 Bodkin Arrow
30:42 Gold Mining
Bantum
4:27 Loom
13:52 Feudal Age
14:48 Double-Bit Axe
19:32 Castle Age
17:57 Fletching
18:08 Padded Archer Armor
19:00 Stone Mining
21:21 Bodkin Arrow
Ghosty4406
4:05 Loom
15:03 Feudal Age
19:08 Castle Age
fafagege
13:58 Feudal Age
15:29 Loom
18:56 Castle Age
17:21 Double-Bit Axe
18:54 Stone Mining
21:23 Bow Saw
25:34 Husbandry
26:10 Padded Archer Armor
27:23 Bloodlines
27:31 Leather Archer Armor
28:26 Wheelbarrow
popibo
14:22 Feudal Age
12:38 Loom
19:15 Castle Age
18:08 Double-Bit Axe
18:07 Horse Collar
20:33 Bow Saw
21:16 Wheelbarrow
26:39 Fletching
33:14 Imperial Age
Connection lost

Rejoining the realm…

Still unreachable

The connection could not be restored.

Session expired

The server has moved on; the page needs a fresh start.